 Dungeon Crawl Stone Soup version 0.23.2-40-g277498a001 (webtiles) character file.

Game seed: 15991506930218573700

7366 Clehvi the Ducker (level 11, -7/83 HPs)
             Began as a Gnoll Arcane Marksman on Oct 18, 2019.
             Was a High Priest of Okawaru.
             Killed from afar by a gargoyle (18 damage)
             ... with a stone arrow
             ... on level 10 of the Dungeon.
             The game lasted 00:57:49 (12758 turns).

Clehvi the Ducker (Gnoll Arcane Marksman)          Turns: 12758, Time: 00:57:50

Health: -7/83      AC: 14    Str: 15    XL:     11   Next: 14%
Magic:  29/29      EV:  8    Int: 15    God:    Okawaru [*****.]
Gold:   472        SH: 10    Dex: 17    Spells: 20/23 levels left

rFire    + . .     SeeInvis .   u - +3 falchion (vamp)
rCold    . . .     Gourm    .   I - +0 shield
rNeg     . . .     Faith    .   s - +2 chain mail {rF+}
rPois    .         Spirit   .   g - +0 helmet
rElec    .         Reflect  .   Q - +0 cloak {+Inv}
rCorr    .         Harm     .   (no gloves)
MR       .....                  (no boots)
Stlth    +.........             w - amulet of regeneration
HPRegen  0.63/turn              n - ring of stealth
MPRegen  0.21/turn              L - ring of magical power

@: no status effects
A: distributed training, fangs 1, strong nose
a: Heroism, Finesse, Renounce Religion, Evoke Invisibility


You were on level 10 of the Dungeon.
You worshipped Okawaru.
Okawaru was extremely pleased with you.
You were hungry.

You visited 2 branches of the dungeon, and saw 11 of its levels.
You also visited: Bailey.

You collected 472 gold pieces.

Inventory:

Hand Weapons
 a - a +0 war axe
 i - a +0 hand crossbow
 o - a +2 dagger of flaming
 u - a +3 vampiric falchion (weapon)
 H - a +0 flail of crushing
 P - a +0 fustibalus
 X - a +2 scimitar of flaming
Missiles
 c - 263 stones
 d - 75 bolts
 j - 218 arrows
 G - 118 sling bullets
 T - 22 poisoned needles
 V - 17 tomahawks of returning (quivered)
Armour
 g - a +0 helmet (worn)
 p - a +2 robe of positive energy
 s - a +2 chain mail of fire resistance (worn)
 v - a +0 scale mail
 F - a +0 plate armour
 I - a +0 shield (worn)
 Q - a +0 cloak of invisibility (worn)
Jewellery
 n - a ring of stealth (left hand)
 w - an amulet of regeneration (around neck)
 x - an uncursed ring of fire
 J - a +3 ring of dexterity
 L - a ring of magical power (right hand)
 N - a +3 ring of protection
 R - the ring "Ruettem" {+Fly rElec MR+ Int+3 SInv}
   (You found it in a bailey)

   [ring of flight]

   It affects your intelligence (+3).
   It insulates you from electricity.
   It affects your resistance to hostile enchantments.
   It lets you see invisible.
   It lets you fly.
 U - a +2 ring of dexterity
Wands
 M - a wand of random effects (3)
 Z - a wand of flame (15)
Scrolls
 e - a scroll of fog {unknown}
 h - 2 scrolls of enchant weapon
 l - 3 scrolls of remove curse
 q - 3 scrolls of amnesia {unknown}
 r - 3 scrolls of identify
 t - a scroll of magic mapping
 y - a scroll of random uselessness {unknown}
 B - 5 scrolls of teleportation
 D - 2 scrolls of immolation {unknown}
 K - 5 scrolls of fear
 O - a scroll of noise {unknown}
 W - a scroll of enchant armour {unknown}
Potions
 k - 2 potions of invisibility
 m - 4 potions of curing
 z - a potion of brilliance
 A - 2 potions of mutation
 C - 3 potions of might
 E - a potion of ambrosia
 S - a potion of berserk rage
 Y - a potion of lignification {unknown}
Comestibles
 b - 5 chunks of flesh
 f - 14 rations


   Skills:
 + Level 6.5 Fighting
 + Level 5.9 Short Blades
 + Level 5.9 Long Blades
 + Level 5.9 Axes
 + Level 5.9 Maces & Flails
 + Level 5.9 Polearms
 + Level 5.9 Staves
 + Level 5.9 Slings
 + Level 5.9 Bows
 + Level 7.5 Crossbows
 + Level 5.9 Throwing
 + Level 5.9 Armour
 + Level 7.5 Dodging
 + Level 5.9 Stealth
 + Level 5.9 Shields
 + Level 5.9 Unarmed Combat
 + Level 6.6 Spellcasting
 + Level 4.9 Conjurations
 + Level 7.4 Hexes
 + Level 4.9 Charms
 + Level 4.9 Summonings
 + Level 4.9 Necromancy
 + Level 4.9 Translocations
 + Level 4.9 Transmutations
 + Level 4.9 Fire Magic
 + Level 4.9 Ice Magic
 + Level 4.9 Air Magic
 + Level 4.9 Earth Magic
 + Level 4.9 Poison Magic
 + Level 6.5 Invocations
 + Level 5.9 Evocations


You had 20 spell levels left.
You knew the following spells:

 Your Spells              Type           Power        Failure   Level  Hunger
a - Corona                Hex            ####...      34%         1    None
b - Slow                  Hex            ####....     47%         2    #......

Your spell library contained the following spells:

 Spells                   Type           Power        Failure   Level  Hunger
 Magic Dart               Conj           ###.         71%         1    None
 Searing Ray              Conj           ###...       83%         2    #......
 Dazzling Spray           Conj/Hex       ###...       87%         3    ##.....
 Inner Flame              Hex/Fire       ###.....     87%         3    ##.....
 Portal Projectile        Hex/Tloc       ###...       87%         3    ##.....
 Cause Fear               Hex            ####......   98%         4    ####...
 Fulminant Prism          Conj/Hex       ###.......   99%         4    ####...
 Leda's Liquefaction      Hex/Erth       ###.......   99%         4    ####...
 Force Lance              Conj/Tloc      ###.....     100%        4    ####...
 Iskenderun's Mystic Bla  Conj           ###.....     100%        4    ####...


Dungeon Overview and Level Annotations

Branches:
Dungeon (10/15)            Temple (1/1) D:4            Lair (0/6) D:9
    Orc: D:9-12

Altars:
Ashenzari
Cheibriados
Dithmenos
Elyvilon
Fedhas
Gozag
Hepliaklqana
Kikubaaqudgha
Makhleb
Nemelex Xobeh
Okawaru
Qazlal
Ru
Sif Muna
Trog
Uskayaw
Vehumet
Wu Jian
Xom
Yredelemnul
Zin
The Shining One

Annotations:
D:4 exclusions: downstairs and 2 more exclusions, Menkaure
D:9 exclusion: downstairs
D:10 Josephine


Innate Abilities, Weirdness & Mutations

Your experience applies equally to all skills.
You have very sharp teeth.
Your uncanny sense of smell can sniff out nearby items.


Message History

You completely miss the gargoyle.
You bite the gargoyle, but do no damage.
The gargoyle is moderately damaged.
You block the gargoyle's attack.
You hit the gargoyle but do no damage.
The gargoyle is moderately damaged.
You feel sick.
You are no longer poisoned.
The gargoyle hits you with a +0 flail.
* * * LOW HITPOINT WARNING * * *
Your shield and chain mail prevent you from hitting the gargoyle.
The gargoyle is moderately damaged.
The gargoyle completely misses you.
You riposte.
Your shield and chain mail prevent you from hitting the gargoyle.
The gargoyle is moderately damaged.
You barely miss the gargoyle.
The gargoyle is moderately damaged.
The gargoyle hurls a stone arrow at you.
The stone arrow hits you!!
You die...

# .# ###+######
###.###
#........#####.......
#........@9†.#.......
#........###.#.......
#........# #.......yy
#........# ###.......
#........# .......
#...<....# .......
########## ######.


You could see a gargoyle.

Vanquished Creatures
  Harold (D:7)
  Erica (D:9)
  Pikel (D:6)
  Joseph (D:7)
  A centaur skeleton (D:9)
  Grinder (D:5)
  A hippogriff (D:9)
  A wraith (D:9)
  A water moccasin (D:8)
  4 orc warriors
  2 sky beasts
  A black bear (D:7)
  4 ice beasts
  A phantom (D:9)
  5 ogres
  4 centaurs
  A big kobold (D:9)
  6 bullfrogs
  6 scorpions
  9 killer bees
  3 wights (D:8)
  6 crimson imps
  2 howler monkeys (D:9)
  2 bullfrog zombies
  A centaur zombie (D:6)
  A hound (D:5)
  Crazy Yiuf (D:6)
  2 orc priests
  A jelly (D:5)
  6 orc wizards
  Jessica (D:3)
  A bullfrog skeleton (D:5)
  An iguana (D:7)
  4 worker ants
  A killer bee zombie (D:6)
  2 hound skeletons
  A hound zombie (D:10)
  A worker ant zombie (D:5)
  5 gnolls
  10 adders
  2 shadow imps
  2 oozes
  An adder skeleton (D:5)
  An adder zombie (D:9)
  5 worms
  3 leopard geckos
  34 orcs
  6 giant cockroaches
  10 goblins
  8 hobgoblins
  7 jackals
  A quokka (D:6)
  4 ball pythons
  10 bats
  5 frilled lizards
  A jackal zombie (D:6)
  19 kobolds
  3 quokka skeletons
  2 quokka zombies
  3 rats (D:1)
231 creatures vanquished.

Vanquished Creatures (others)
  An ogre (D:6)
  A centaur (D:6)
  Blork the orc (D:6)
  A jelly (D:6)
  A leopard gecko (D:6)
5 creatures vanquished.

Grand Total: 236 creatures vanquished

Notes
Turn   | Place    | Note
-------+----------+-------------------------------------------
     0 | D:1      | Clehvi the Gnoll Arcane Marksman began the quest for the
                  | Orb.
     0 | D:1      | Reached XP level 1. HP: 17/17 MP: 4/4
   203 | D:1      | Reached XP level 2. HP: 5/23 MP: 5/5
  1039 | D:2      | Found a glowing silver altar of Zin.
  1039 | D:2      | Found a radiant altar of Vehumet.
  1116 | D:2      | Learned a level 2 spell: Slow
  1135 | D:2      | Reached XP level 3. HP: 20/28 MP: 7/7
  1364 | D:2      | Reached skill level 1 in Invocations
  1522 | D:2      | Reached skill level 1 in Short Blades
  1522 | D:2      | Reached skill level 1 in Long Blades
  1522 | D:2      | Reached skill level 1 in Axes
  1522 | D:2      | Reached skill level 1 in Maces & Flails
  1522 | D:2      | Reached skill level 1 in Polearms
  1522 | D:2      | Reached skill level 1 in Staves
  1522 | D:2      | Reached skill level 1 in Slings
  1522 | D:2      | Reached skill level 1 in Bows
  1522 | D:2      | Reached skill level 1 in Throwing
  1522 | D:2      | Reached skill level 1 in Armour
  1522 | D:2      | Reached skill level 1 in Stealth
  1522 | D:2      | Reached skill level 1 in Shields
  1522 | D:2      | Reached skill level 1 in Unarmed Combat
  1522 | D:2      | Reached skill level 1 in Evocations
  1611 | D:2      | Reached XP level 4. HP: 20/34 MP: 4/8
  2973 | D:2      | Found an opulent altar of Gozag.
  3037 | D:3      | Found a faded altar of an unknown god.
  3425 | D:3      | Noticed Jessica
  3442 | D:3      | Killed Jessica
  3442 | D:3      | Reached skill level 1 in Conjurations
  3442 | D:3      | Reached skill level 1 in Charms
  3442 | D:3      | Reached skill level 1 in Summonings
  3442 | D:3      | Reached skill level 1 in Necromancy
  3442 | D:3      | Reached skill level 1 in Translocations
  3442 | D:3      | Reached skill level 1 in Transmutations
  3442 | D:3      | Reached skill level 1 in Fire Magic
  3442 | D:3      | Reached skill level 1 in Ice Magic
  3442 | D:3      | Reached skill level 1 in Air Magic
  3442 | D:3      | Reached skill level 1 in Earth Magic
  3442 | D:3      | Reached skill level 1 in Poison Magic
  3442 | D:3      | Reached XP level 5. HP: 3/40 MP: 9/9
  3825 | D:3      | Found a blossoming altar of Fedhas.
  4511 | D:4      | Found a staircase to the Ecumenical Temple.
  4519 | Temple   | Entered the Ecumenical Temple
  4559 | Temple   | Became a worshipper of Warmaster Okawaru
  5244 | D:4      | Noticed Menkaure
  5547 | D:4      | Reached XP level 6. HP: 45/47 MP: 10/10
  5776 | D:4      | Found a sacrificial altar of Ru.
  6170 | D:4      | Reached skill level 5 in Crossbows
  6170 | D:4      | Reached skill level 5 in Dodging
  6356 | D:5      | Entered Level 5 of the Dungeon
  6539 | D:4      | Reached * piety under Okawaru
  6539 | D:4      | Reached XP level 7. HP: 29/52 MP: 12/12
  7673 | D:5      | Noticed Grinder
  7679 | D:5      | Paralysed by Grinder for 3 turns
  7703 | D:5      | Paralysed by Grinder for 6 turns
  7710 | D:5      | Killed Grinder
  7710 | D:5      | Reached ** piety under Okawaru
  7710 | D:5      | Reached XP level 8. HP: 20/60 MP: 12/14
  8089 | D:6      | Found a shattered altar of Ashenzari.
  8159 | D:6      | Noticed Pikel
  8162 | D:6      | Noticed Blork the orc
  8202 | D:6      | Killed Pikel
  8202 | D:6      | Reached *** piety under Okawaru
  8208 | D:6      | Killed Blork the orc
  8537 | D:6      | Reached XP level 9. HP: 66/66 MP: 16/16
  8758 | D:6      | Found a burning altar of Makhleb.
  8926 | D:6      | Found a runed translucent door.
  8927 | D:6      | Noticed Crazy Yiuf
  8938 | D:6      | Killed Crazy Yiuf
  9069 | D:7      | Noticed Harold
  9144 | D:6      | Reached skill level 5 in Spellcasting
  9215 | D:7      | Noticed Joseph
  9253 | D:7      | Killed Joseph
  9253 | D:7      | Reached **** piety under Okawaru
  9253 | D:7      | Reached skill level 5 in Fighting
  9714 | D:7      | Killed Harold
  9714 | D:7      | Reached skill level 5 in Invocations
  9714 | D:7      | Reached XP level 10. HP: 14/74 MP: 16/18
  9998 | D:7      | Received a gift from Okawaru
 10641 | D:8      | Found a flagged portal.
 10675 | Bailey   | Entered a bailey
 10711 | Bailey   | Got the ring "Ruettem" {+Fly}
 10779 | Bailey   | Identified the cursed +1 mace of Grandeur {speed, +Blink
                  | rPois rF-}
 10880 | Bailey   | Reached skill level 5 in Short Blades
 10880 | Bailey   | Reached skill level 5 in Long Blades
 10880 | Bailey   | Reached skill level 5 in Axes
 10880 | Bailey   | Reached skill level 5 in Maces & Flails
 10880 | Bailey   | Reached skill level 5 in Polearms
 10880 | Bailey   | Reached skill level 5 in Staves
 10880 | Bailey   | Reached skill level 5 in Slings
 10880 | Bailey   | Reached skill level 5 in Bows
 10880 | Bailey   | Reached skill level 5 in Throwing
 10880 | Bailey   | Reached skill level 5 in Armour
 10880 | Bailey   | Reached skill level 5 in Stealth
 10880 | Bailey   | Reached skill level 5 in Shields
 10880 | Bailey   | Reached skill level 5 in Unarmed Combat
 10880 | Bailey   | Reached skill level 5 in Evocations
 11167 | D:8      | Found a sparkling altar of Nemelex Xobeh.
 11991 | D:9      | Noticed Erica
 12019 | D:9      | Killed Erica
 12207 | D:9      | Reached XP level 11. HP: 76/82 MP: 20/20
 12222 | D:9      | Reached ***** piety under Okawaru
 12256 | D:9      | Found a white marble altar of Elyvilon.
 12360 | D:9      | Found a staircase to the Lair.
 12620 | D:9      | Received a gift from Okawaru
 12644 | D:10     | Entered Level 10 of the Dungeon
 12644 | D:10     | Noticed Josephine
 12758 | D:10     | Killed from afar by a gargoyle

Skill      XL: |  1  2  3  4  5  6  7  8  9 10 |
---------------+-------------------------------+-----
Invocations    | 1 2 3 4 5 6 |  6.5
Short Blades   | 1 2 3 4 5 |  5.9
Long Blades    | 1 2 3 4 5 |  5.9
Axes           | 1 2 3 4 5 |  5.9
Maces & Flails | 1 2 3 4 5 |  5.9
Polearms       | 1 2 3 4 5 |  5.9
Staves         | 1 2 3 4 5 |  5.9
Slings         | 1 2 3 4 5 |  5.9
Bows           | 1 2 3 4 5 |  5.9
Throwing       | 1 2 3 4 5 |  5.9
Armour         | 1 2 3 4 5 |  5.9
Stealth        | 1 2 3 4 5 |  5.9
Shields        | 1 2 3 4 5 |  5.9
Unarmed Combat | 1 2 3 4 5 |  5.9
Evocations     | 1 2 3 4 5 |  5.9
Spellcasting   | 3 4 5 6 |  6.6
Conjurations   | 1 2 3 4 |  4.9
Charms         | 1 2 3 4 |  4.9
Summonings     | 1 2 3 4 |  4.9
Necromancy     | 1 2 3 4 |  4.9
Translocations | 1 2 3 4 |  4.9
Transmutations | 1 2 3 4 |  4.9
Fire Magic     | 1 2 3 4 |  4.9
Ice Magic      | 1 2 3 4 |  4.9
Air Magic      | 1 2 3 4 |  4.9
Earth Magic    | 1 2 3 4 |  4.9
Poison Magic   | 1 2 3 4 |  4.9
Fighting       | 3 4 5 6 |  6.5
Crossbows      | 5 6 7 |  7.5
Dodging        | 5 6 7 |  7.5
Hexes          | 6 7 |  7.4

Action                   |  1- 3 |  4- 6 |  7- 9 | 10-12 || total
-------------------------+-------+-------+-------+-------++-------
Melee: Dagger            |    68 |    42 |       |       ||   110
       Club              |     3 |       |       |       ||     3
       Bite              |     7 |     7 |    93 |    75 ||   182
       War axe           |       |    35 |       |       ||    35
       Flail             |       |     9 |       |       ||     9
       Falchion          |       |       |   496 |   607 ||  1103
 Fire: Hand crossbow     |    59 |    32 |       |       ||    91
       Hunting sling     |       |   127 |       |       ||   127
Throw: Stone             |    36 |     8 |    10 |       ||    54
       Throwing net      |       |       |     4 |       ||     4
       Tomahawk          |       |       |       |    58 ||    58
 Cast: Slow              |     9 |    12 |       |       ||    21
       Corona            |       |     1 |       |       ||     1
Invok: Heroism           |       |       |     1 |     6 ||     7
Evoke: Wand              |       |       |     9 |     1 ||    10
  Use: Potion            |       |     2 |       |       ||     2
       Scroll            |       |     1 |     7 |     5 ||    13
 Stab: Sleeping          |     1 |     1 |       |     3 ||     5
       Held in net/web   |       |       |     4 |       ||     4
  Eat: Chunk             |     2 |    16 |     9 |    11 ||    38
       Ration            |       |       |     2 |       ||     2
Armor: Robe              |    14 |     5 |       |       ||    19
       Chain mail        |       |    59 |   180 |   319 ||   558
       Scale mail        |       |     7 |    23 |       ||    30
Dodge: Dodged            |    84 |    79 |   114 |   207 ||   484
Block: Shield            |       |    13 |   212 |   326 ||   551
       Rpst.: Falchion   |       |       |    37 |    49 ||    86
